 Dungeon Crawl Stone Soup version 0.20-a0-187-ge5586d949a (webtiles) character file.

117187 KristoblXynda the Blocker (level 16, -1/135 HPs)
             Began as a Mottled Draconian Gladiator on Nov 23, 2016.
             Was the Champion of Ashenzari.
             Slain by a bone dragon (15 damage)
             ... on level 1 of the Abyss.
             The game lasted 01:48:40 (33284 turns).

KristoblXynda the Blocker (DrGl)                   Turns: 33284, Time: 01:48:40

Health: -1/135     AC: 22    Str: 16    XL:     16   Next: 22%
Magic:  0/24       EV: 29    Int: 11    God:    Ashenzari [******]
Gold:   1739       SH: 18    Dex: 19    Spells: 15/26 levels left

rFire  . . .     SeeInvis +     a - +3 war axe (flame) (curse)
rCold  + . .     Gourm    .     (armour unavailable)
rNeg   . . .     Faith    .     C - +4 shield (curse)
rPois  +         Spirit   +     b - +2 hat
rElec  .         Reflect  .     u - +2 cloak {rPois} (curse)
rCorr  .         Harm     .     m - +2 pair of gloves (curse)
MR     +....     Clarity  +     k - +2 pair of boots (curse)
Stlth  +++++++...               e - amulet of guardian spirit (curse)
                                x - ring of protection from cold
                                q - +2 ring of protection

@: agile
A: breathe sticky flame splash, unfitting armour, mutation resistance 1, weak 2,
no device heal 1, cold-blooded, AC +9
a: Curse Item, Scrying, Transfer Knowledge, Renounce Religion


You were on level 1 of the Abyss.
You worshipped Ashenzari.
Ashenzari was exalted by your worship.
You were very hungry.

You visited 6 branches of the dungeon, and saw 25 of its levels.
You visited the Abyss 3 times.
You also visited: Ice Cave.

You collected 2611 gold pieces.
You spent 872 gold pieces at shops.

Inventory:

Hand Weapons
 a - a cursed +3 war axe of flaming (weapon)
Missiles
 c - 8 throwing nets (quivered)
Armour
 b - a +2 hat (worn)
 k - a cursed +2 pair of boots (worn)
 m - a cursed +2 pair of gloves (worn)
 u - a cursed +2 cloak of poison resistance (worn)
 C - a cursed +4 shield (worn)
Jewellery
 e - a cursed amulet of guardian spirit (around neck)
 q - a +2 ring of protection (left hand)
 x - a ring of protection from cold (right hand)
Wands
 g - a wand of acid (10/15)
 t - a wand of disintegration (8/24)
 D - a wand of digging (6/24)
 L - a wand of teleportation (0/9)
Scrolls
 i - 7 scrolls of identify
 w - a scroll of immolation
 I - a scroll of fog
Potions
 n - a potion of cure mutation
 r - a potion of agility
 v - a potion of invisibility
 z - 4 potions of brilliance
 A - a potion of flight
 F - a potion of magic
Books
 f - a book of Maledictions

   Spells                             Type                      Level
   a - Corona                         Hexes                        1
   b - Ensorcelled Hibernation        Hexes/Ice                    2
   c - Confuse                        Hexes                        3
   d - Tukima's Dance                 Hexes                        3
   e - Dazzling Spray                 Conjuration/Hexes            3
Miscellaneous
 j - a phial of floods
Comestibles
 d - 11 bread rations
 l - a royal jelly
 o - 11 meat rations
 s - a beef jerky
 B - 5 fruits


   Skills:
 - Level 10.4 Fighting
 - Level 11.8(16.0) Axes
 - Level 5.4 Throwing
 + Level 11.6(14.3) Dodging
 - Level 10.2(13.0) Stealth
 + Level 12.4(15.1) Shields
 - Level 5.8 Spellcasting
 + Level 0.6 Conjurations
 - Level 9.6 Transmutations
 - Level 3.7 Earth Magic
 - Level 10.0 Evocations


You had 15 spell levels left.
You knew the following spells:

 Your Spells              Type           Power        Failure   Level  Hunger
a - Beastly Appendage     Tmut           ###...       1%          1    None
b - Petrify               Tmut/Erth      ###.....     14%         4    ####...
c - Bolt of Cold          Conj/Ice       #.........   100%        6    #######


Dungeon Overview and Level Annotations

Branches:
Dungeon (15/15)            Temple (1/1) D:7            Lair (6/6) D:10
 Shoals (0/4) Lair:3        Snake (1/4) Lair:4        Slime (0/5) Lair:6
    Orc (2/2) D:11            Elf (0/3) Orc:2        Vaults (0/5) D:14
 Depths (1/5) D:15

Altars:
Ashenzari
Cheibriados
Dithmenos
Elyvilon
Fedhas
Gozag
Hepliaklqana
Kikubaaqudgha
Makhleb
Nemelex Xobeh
Okawaru
Qazlal
Ru
Sif Muna
Trog
Uskayaw
Vehumet
Xom
Yredelemnul
Zin
The Shining One
Jiyva

Shops:
Orc:2 **!?

Portals:
Abyss: Depths:1


Innate Abilities, Weirdness & Mutations

You can spit globs of burning liquid.
You can ignite nearby creatures when you spit burning liquid.
Your scales are hard. (AC +9)
You cannot fit into any form of body armour.
You are cold-blooded and may be slowed by cold attacks.
You are somewhat resistant to further mutation.
[You are very weak. (Str -4)]
[Potions and wands are less effective at restoring your health.]


Message History

The bone dragon is moderately damaged.
You block the bone dragon's attack. x2
The bone dragon tramples you but does no damage.
You hit the bone dragon but do no damage.
The bone dragon is moderately damaged.
You block the bone dragon's attack. The bone dragon completely misses you.
The bone dragon closely misses you.
You feel agile all of a sudden. The bone dragon completely misses you.
You block the bone dragon's attack. The bone dragon misses you.
You hit the bone dragon.
The bone dragon is moderately damaged.
You block the bone dragon's attack. x3
You hit the bone dragon.
The bone dragon is moderately damaged.
You are feeling very hungry.
You hit the bone dragon but do no damage.
The bone dragon is moderately damaged.
The bone dragon bites you!!
You die...

, ** ** ,
,*,* > * *, ,
,* , , * *≈
*, * ,* ,,, *
* * *,,,,**≈
, * ,*,* , ,
, * *≈, ,, *,
* *, , * * ,
* , , * , , *
* , , , ,, {
, , , * , , *
,
,*,,,*###****
, ,,, ,,
,,,#@## *, ,
, * * ,# ##D#
≈≈, * ,, ,,
*#...###*, ,
, ,,** , *
*,,*,**#.#.
#,, ≈* * * *
,,**,*## .#.
** ≈ , * #
#.. #..... ,*
,* * * ,##...
##*..{ ..≈ ,
* ,,# ##X...#
.#...≈≈
*,,,** * x
..# ##.. #
..≈ ≈, *, ,*


You could see a bone dragon.

Vanquished Creatures
  A tentacled starspawn (Abyss:1)
  An orc warlord (Orc:1)
  A cacodemon (Abyss:3)
  A juggernaut zombie (D:15)
  A very ugly thing (Abyss:1)
  2 lorocyprocas (Abyss:1)
  Snorg (Lair:4)
  5 ogre magi
  A fire dragon (Lair:6)
  2 ice dragons
  Erolcha (D:15)
  A catoblepas (Lair:6)
  7 centaur warriors
  11 hydras
  2 death knights
  The ghost of murphy the Fighter, a novice MiBe of Trog (Orc:1)
  A naga warrior (Lair:4)
  2 tengu warriors
  A vampire mage (D:15)
  2 wretched stars (Abyss:1)
  6 skeletal warriors
  A salamander mystic (Snake:1)
  A spark wasp zombie (D:15)
  2 unseen horrors
  A swamp dragon (Lair:6)
  7 hill giants
  2 wizards
  2 lindwurms (Lair:6)
  2 phantasmal warriors
  A deep elf mage (D:12)
  2 necromancers
  4 orc knights
  2 orc sorcerers
  A mana viper (Abyss:1)
  6 elephants (Lair:5)
  3 cyclopes
  A manticore (D:13)
  6 black mambas
  A stone giant skeleton (D:15)
  A naga mage (Snake:1)
  4 ice statues
  4 gargoyles
  6 torpor snails (Lair:6)
  A smoke demon (Abyss:1)
  A hellion (Abyss:1)
  13 spiny frogs
  7 rime drakes
  An efreet (D:14)
  8 komodo dragons
  2 freezing wraiths (D:14)
  A guardian mummy (D:15)
  5 ice devils (IceCv)
  2 tyrant leeches (Lair:6)
  8 trolls
  8 hornets
  A hornet (shapeshifter) (D:14)
  6 polar bears
  A merfolk (D:12)
  11 two-headed ogres (Orc:2)
  12 hippogriffs
  21 blink frogs
  3 raiju (Abyss:1)
  A fire dragon zombie (D:15)
  9 dream sheep (Lair:6)
  A hippogriff (shapeshifter) (D:15)
  A spriggan (shapeshifter) (D:14)
  A shadow (Abyss:1)
  5 wyverns
  38 yaks
  A hungry ghost (D:14)
  A vampire (Abyss:1)
  A human (shapeshifter) (D:13)
  7 wraiths
  The ghost of KristoblXynda the Slasher, an amateur DrFi (D:3)
  4 small abominations
  3 basilisks
  2 steam dragons (Lair:6)
  2 vampire mosquitoes (D:14)
  A redback simulacrum (D:15)
  3 large abominations (Abyss:1)
  6 wargs
  2 nagas
  22 water moccasins
  A soldier ant (D:11)
  An acid dragon (D:13)
  10 porcupines
  24 orc warriors
  3 swamp drakes (Lair:6)
  7 ice beasts
  3 eyes of draining
  A hornet zombie (D:15)
  3 sky beasts
  3 black bears
  2 phantoms
  A necrophage (D:10)
  8 wolves (Lair:6)
  34 ogres
  17 centaurs
  13 crocodiles
  3 big kobolds
  2 wyvern zombies
  A gnoll sergeant (D:11)
  18 bullfrogs
  A scorpion (D:12)
  4 killer bees
  2 howler monkeys
  3 wights (D:10)
  6 electric eels (Lair:6)
  4 centaur zombies
  7 crimson imps
  A bullfrog zombie (D:12)
  2 draconian simulacra (IceCv)
  6 hounds
  3 jellies
  5 centaur skeletons
  2 iron imps (Abyss:1)
  19 orc priests
  Jessica (D:2)
  A bullfrog skeleton (D:11)
  3 iguanas
  26 orc wizards
  11 worker ants
  3 hell rats (Lair:1)
  3 troll simulacra (IceCv)
  A centaur simulacrum (IceCv)
  2 hound zombies
  A worker ant zombie (D:11)
  11 gnolls
  2 ogre simulacra (IceCv)
  22 adders
  2 naga simulacra (IceCv)
  7 river rats (Lair:1)
  4 shadow imps
  3 white imps
  4 oozes
  2 adder skeletons
  4 worms
  3 dart slugs
  6 leopard geckos
  99 orcs
  8 giant cockroaches
  7 goblins
  9 hobgoblins
  4 jackals (D:10)
  6 quokkas
  A ball python (Lair:4)
  3 bats
  3 frilled lizards
  A jackal skeleton (D:5)
  19 kobolds
  9 rats
  2 fungi
  9 plants
  A starspawn tentacle (Abyss:1)
  2 withered plants (D:15)
860 creatures vanquished.

Vanquished Creatures (others)
  25 fungi
  44 plants
  2 starspawn tentacles (Abyss:1)
  3 withered plants (D:15)
74 creatures vanquished.

Grand Total: 934 creatures vanquished

Notes
Turn   | Place    | Note
-------+----------+-------------------------------------------
     0 | D:1      | KristoblXynda the Draconian Gladiator began the quest for the Orb.
     0 | D:1      | Reached XP level 1. HP: 17/17 MP: 1/1
   131 | D:1      | Reached XP level 2. HP: 22/24 MP: 2/2
   537 | D:2      | Reached XP level 3. HP: 21/29 MP: 3/3
  1160 | D:2      | Noticed Jessica
  1177 | D:2      | Killed Jessica
  1177 | D:2      | Reached XP level 4. HP: 31/36 MP: 4/4
  1530 | D:3      | Noticed KristoblXynda's ghost (amateur DrFi)
  1577 | D:3      | Killed KristoblXynda's ghost
  1577 | D:3      | Reached skill level 5 in Axes
  1577 | D:3      | Reached XP level 5. HP: 13/41 MP: 5/5
  1577 | D:3      | Reached XP level 6. HP: 15/48 MP: 6/6
  3159 | D:4      | Found a shadowy altar of Dithmenos.
  3199 | D:4      | Your scales start taking on colour.
  3199 | D:4      | Reached XP level 7. HP: 46/55 MP: 7/7
  4140 | D:5      | Entered Level 5 of the Dungeon
  4306 | D:5      | Reached skill level 5 in Dodging
  4488 | D:5      | Reached XP level 8. HP: 55/61 MP: 6/8
  5764 | D:6      | Found a shattered altar of Ashenzari.
  5781 | D:6      | Became a worshipper of Ashenzari the Shackled
  6110 | D:6      | Gained mutation: [You are weak. (Str -2)] [potion of mutation]
  6110 | D:6      | Gained mutation: You have a pair of small horns on your head. [potion of mutation]
  6110 | D:6      | Gained mutation: You tend to lose your temper in combat. [potion of mutation]
  6111 | D:6      | Lost mutation: [You are weak. (Str -2)] [potion of cure mutation]
  6111 | D:6      | Lost mutation: You tend to lose your temper in combat. [potion of cure mutation]
  6111 | D:6      | Lost mutation: You have a pair of small horns on your head. [potion of cure mutation]
  6901 | D:7      | Found a staircase to the Ecumenical Temple.
  6912 | Temple   | Entered the Ecumenical Temple
  7122 | D:7      | Reached * piety under Ashenzari
  7158 | D:7      | You fall through a shaft for 2 floors!
  7265 | D:9      | Found a white marble altar of Elyvilon.
  7421 | D:9      | Noticed a hippogriff
  7444 | D:9      | Killed a hippogriff
  7444 | D:9      | Reached XP level 9. HP: 30/67 MP: 5/9
  7677 | D:9      | Reached skill level 10 in Axes
  8085 | D:10     | Entered Level 10 of the Dungeon
  8125 | D:10     | Reached skill level 1 in Stealth
  8256 | D:10     | Noticed a hill giant
  8769 | D:10     | Reached XP level 10. HP: 78/78 MP: 10/10
  9031 | D:11     | Reached ** piety under Ashenzari
  9097 | D:11     | Found a staircase to the Orcish Mines.
  9301 | D:11     | Reached skill level 5 in Fighting
  9640 | D:11     | Noticed a hill giant
  9680 | D:11     | Killed a hill giant
  9680 | D:11     | Reached skill level 1 in Evocations
  9883 | D:11     | Noticed a cyclops
  9892 | D:11     | Killed a cyclops
  9892 | D:11     | Reached skill level 5 in Stealth
 10061 | D:11     | Noticed a hill giant
 10085 | D:11     | Killed a hill giant
 10401 | D:12     | Noticed Erolcha
 10424 | Orc:1    | Entered Level 1 of the Orcish Mines
 10449 | D:12     | Noticed a deep elf mage
 10455 | D:12     | Noticed a gargoyle
 10461 | D:12     | Noticed a gargoyle
 10483 | D:12     | Killed a gargoyle
 10796 | D:12     | Noticed a death knight
 10804 | D:12     | Noticed a skeletal warrior
 11145 | D:12     | Noticed a seven-headed hydra
 11157 | D:12     | Noticed an unseen horror
 11308 | D:10     | Noticed a seven-headed hydra
 11316 | D:10     | Killed a two-headed hydra
 11316 | D:10     | Reached XP level 11. HP: 65/88 MP: 8/14
 11700 | D:10     | Found a staircase to the Lair.
 11707 | D:10     | Reached *** piety under Ashenzari
 11913 | Lair:1   | Entered Level 1 of the Lair of Beasts
 12134 | Lair:1   | Reached skill level 5 in Evocations
 13022 | Lair:2   | Found a frozen archway.
 13031 | IceCv    | Entered an ice cave
 14385 | IceCv    | Noticed a necromancer
 14471 | IceCv    | Killed a necromancer
 15281 | IceCv    | Reached XP level 12. HP: 42/101 MP: 7/17
 15731 | Lair:2   | Reached skill level 5 in Throwing
 15801 | Lair:2   | Reached **** piety under Ashenzari
 16445 | Lair:3   | Noticed an eight-headed hydra
 16457 | Lair:3   | Killed a three-headed hydra
 16575 | Lair:3   | Noticed a four-headed hydra
 16592 | Lair:3   | Killed a one-headed hydra
 16666 | Lair:3   | Found a staircase to the Shoals.
 17735 | Lair:4   | Reached skill level 1 in Spellcasting
 17791 | Lair:4   | Noticed a seven-headed hydra
 17816 | Lair:4   | Killed a one-headed hydra
 17900 | Lair:4   | Reached ***** piety under Ashenzari
 17981 | Lair:4   | Noticed a four-headed hydra
 17984 | Lair:4   | Noticed a four-headed hydra
 17994 | Lair:4   | Killed a one-headed hydra
 17998 | Lair:4   | Killed a one-headed hydra
 18078 | Lair:4   | Reached XP level 13. HP: 81/113 MP: 16/18
 18139 | Lair:4   | Found a staircase to the Snake Pit.
 18157 | Lair:4   | Reached skill level 10 in Dodging
 18157 | Lair:4   | Reached skill level 1 in Shields
 18247 | Lair:4   | Reached skill level 10 in Fighting
 18372 | Lair:4   | Noticed Snorg
 18403 | Lair:4   | Killed Snorg
 18403 | Lair:4   | Reached skill level 2 in Shields
 19477 | Lair:5   | Reached skill level 3 in Shields
 20381 | Lair:5   | Reached skill level 4 in Shields
 20576 | Lair:6   | Entered Level 6 of the Lair of Beasts
 20716 | Lair:6   | Reached skill level 5 in Spellcasting
 20793 | Lair:6   | Reached skill level 5 in Shields
 20855 | Lair:6   | Found a staircase to the Slime Pits.
 20855 | Lair:6   | Found a viscous altar of Jiyva.
 20898 | Lair:6   | Reached skill level 6 in Shields
 21456 | Lair:6   | Reached skill level 7 in Shields
 21740 | Lair:6   | Reached XP level 14. HP: 91/122 MP: 21/21
 21817 | Lair:6   | Found a runed door.
 22216 | Lair:6   | Reached skill level 8 in Shields
 22959 | Lair:6   | Learned a level 1 spell: Beastly Appendage
 23008 | Lair:6   | Reached skill level 9 in Shields
 23643 | Lair:6   | Reached skill level 1 in Transmutations
 23952 | Orc:1    | Noticed murphy's ghost (novice MiBe)
 24714 | D:12     | Reached skill level 10 in Shields
 24865 | D:12     | Reached ****** piety under Ashenzari
 26243 | D:14     | Reached skill level 11 in Shields
 26579 | D:15     | Entered Level 15 of the Dungeon
 26774 | D:15     | Reached skill level 5 in Transmutations
 27341 | D:14     | Reached XP level 15. HP: 113/128 MP: 22/22
 27521 | D:14     | Reached skill level 12 in Shields
 27557 | D:14     | Gained mutation: You are somewhat resistant to further mutation. [mutagenic meat]
 27620 | D:14     | Cast into level 2 of the Abyss (a wizard)
 27692 | D:14     | Escaped the Abyss
 28808 | D:14     | Found a gate to the Vaults.
 29042 | Orc:1    | Killed murphy's ghost
 29549 | Orc:2    | Entered Level 2 of the Orcish Mines
 29552 | Orc:2    | Found a staircase to the Elven Halls.
 29595 | Orc:2    | Noticed an orc warlord
 29713 | Orc:1    | Killed an orc warlord
 30506 | Orc:2    | Found Duduw's Assorted Antiques.
 30506 | Orc:2    | Found Koleamaco's Distillery.
 30506 | Orc:2    | Found Iwketwiv's Assorted Antiques.
 30506 | Orc:2    | Found Yduogre's Magic Scroll Emporium.
 30515 | Orc:2    | Bought a potion of heal wounds for 70 gold pieces
 30515 | Orc:2    | Bought a potion of might for 56 gold pieces
 30515 | Orc:2    | Bought a potion of curing for 42 gold pieces
 30515 | Orc:2    | Bought a potion of curing for 42 gold pieces
 30517 | Orc:2    | Bought a ruby ring for 140 gold pieces
 30518 | Orc:2    | Bought a pair of embroidered gloves for 378 gold pieces
 30518 | Orc:2    | Bought a crooked bronze wand for 144 gold pieces
 30772 | Snake:1  | Entered Level 1 of the Snake Pit
 31342 | D:14     | Reached skill level 10 in Evocations
 31393 | D:14     | Learned a level 4 spell: Petrify
 31434 | D:15     | Reached skill level 1 in Earth Magic
 31465 | D:15     | Killed Erolcha
 31591 | D:15     | Found a staircase to the Depths.
 32453 | D:15     | Reached XP level 16. HP: 135/135 MP: 23/23
 32525 | Depths:1 | Entered Level 1 of the Depths
 32525 | Depths:1 | Found a one-way gate to the infinite horrors of the Abyss.
 32572 | Depths:1 | Voluntarily entered the Abyss.
 32572 | Abyss:1  | Noticed a tentacled starspawn
 32583 | Abyss:1  | Killed a tentacled starspawn
 32670 | Abyss:2  | Found a corrupted altar of Lugonu.
 32856 | Abyss:4  | Noticed an Executioner
 32899 | Depths:1 | Escaped the Abyss
 32947 | Depths:1 | Learned a level 6 spell: Bolt of Cold
 32950 | Depths:1 | Voluntarily entered the Abyss.
 32950 | Abyss:1  | Found a corrupted altar of Lugonu.
 32989 | Abyss:1  | Noticed a bone dragon
 33067 | Abyss:1  | Reached skill level 10 in Stealth
 33110 | Abyss:1  | HP: 3/135 [lorocyproca (5)]
 33284 | Abyss:1  | Slain by a bone dragon

Vault maps used:
D:1:      shiori_arrival_whats_in_store_for_you, bh_walls_and_bars
D:2:      grunt_decor_cap, kennysheep_jessica_study
D:3:      uniq_jessica
D:4:      first_bread, grunt_dithmenos_shadows
D:6:      basic_altar
D:7:      serial_shops, shop, minmay_misc_feat_doors
D:9:      basic_altar
D:10:     grunt_lair_entry_orc_guard_hut
D:11:     erik_orc_3
D:12:     hangedman_fish_farm, uniq_erolcha
D:14:     david_vaults_4, ice2_lemuel
D:15:     gammafunk_depths_entry_grave, hangedman_decor_clover_reticule
Temple:   minmay_crystal_snake_temple
Lair:1:   kennysheep_abandoned_house
Lair:2:   portal_ice_cave_entry_pillars_2, st_stairs_13,
          minmay_stone_trees_small, grunt_megastairs_5
Lair:3:   minmay_shoals_entry_centaurs
Lair:4:   minmay_snake_entry_six_corridors, beast_lair_carwin_9, uniq_snorg
Lair:5:   lemuel_fruit_fields
Lair:6:   wormcave, guppyfry_lair_end_dragon, slime_altar_1, serial_bayou,
          serial_bayou_ford_a, serial_bayou_lake_a, fungi_pond_lemuel,
          lemuel_fruit_fields
Snake:1:  basic_altar, uniq_frances
Orc:2:    st_orc_ogre_mass
Depths:1: serial_sigils, serial_sigils_hangedman_leer,
          serial_sigils_hangedman_clutch, serial_sigils_hangedman_gut,
          serial_sigils_hangedman_etch, serial_sigils_hangedman_shear,
          serial_sigils_hangedman_snap, abyss_entry, hangedman_geh_valley,
          minmay_guarded_unrand_wrath_of_trog, uniq_aizul
Abyss:1:  hangedman_summoners_spam
Abyss:3:  evilmike_abyss_exit_7, abyss_furniture_001
Abyss:4:  nicolae_abyss_rune_left_handed
IceCv:    ice_cave_tombish

Skill      XL: |  1  2  3  4  5  6  7  8  9 10 11 12 13 14 15 16 |
---------------+-------------------------------------------------+-----
Throwing       | 2 3 4 5 |  5.4
Dodging        | 3 4 5 6 7 8 9 10 11 | 11.6
Axes           | 4 5 6 7 9 10 11 | 11.8
Stealth        | 3 6 8 9 10 | 10.2
Fighting       | 4 5 8 9 10 | 10.4
Evocations     | 4 7 10 | 10.0
Spellcasting   | 2 5 |  5.8
Shields        | 7 11 12 | 12.4
Transmutations | 5 9 |  9.6
Earth Magic    | 3 |  3.7
Conjurations   | |  0.6

Action                   |  1- 3 |  4- 6 |  7- 9 | 10-12 | 13-15 | 16-18 || total
-------------------------+-------+-------+-------+-------+-------+-------++-------
Melee: War axe           |    90 |   172 |   477 |   955 |  1849 |   165 ||  3708
       Tailslap          |     7 |    15 |    64 |   153 |   356 |    31 ||   626
Invok: Curse Item        |       |       |     6 |       |     2 |       ||     8
Evoke: Wand              |       |       |       |     3 |    25 |     1 ||    29
  Use: Scroll            |       |     7 |    15 |    10 |    15 |     3 ||    50
       Potion            |       |    10 |     4 |     3 |    15 |    10 ||    42
 Stab: Sleeping          |       |       |     2 |    21 |    30 |       ||    53
       Distracted        |       |       |       |     2 |     5 |     1 ||     8
       Petrified         |       |       |       |       |     4 |       ||     4
       Invisible         |       |       |       |       |     4 |       ||     4
  Eat: Chunk             |     1 |     4 |     2 |     4 |    19 |       ||    30
       Bread ration      |       |     1 |     1 |     1 |     1 |       ||     4
       Beef jerky        |       |     1 |       |     1 |     1 |       ||     3
       Meat ration       |       |       |     1 |     2 |     2 |       ||     5
       Pizza             |       |       |     1 |     5 |     2 |       ||     8
       Fruit             |       |       |     4 |       |    11 |       ||    15
       Royal jelly       |       |       |       |     1 |     2 |     1 ||     4
Armor: Skin              |    26 |    78 |   161 |   252 |   341 |    22 ||   880
Dodge: Dodged            |    77 |   129 |   355 |   642 |   958 |    71 ||  2232
Block: Shield            |       |       |       |       |   866 |   103 ||   969
